 Dungeon Crawl Stone Soup version 0.23.1-37-gaa34b87 (webtiles) character file.

Game seed: 8299743674570395539

296 eccles the Chopper (level 6, 0/55 HPs)
             Began as a Minotaur Fighter on Mar 27, 2019.
             Succumbed to a worker ant's poison
             ... on level 3 of the Dungeon.
             The game lasted 00:11:17 (1546 turns).

eccles the Chopper (Minotaur Fighter)               Turns: 1546, Time: 00:11:18

Health: 0/55       AC:  8    Str: 26    XL:     6   Next: 12%
Magic:  5/5        EV:  8    Int: 10    God:
Gold:   89         SH: 10    Dex: 11    Spells: 5/5 levels left

rFire    . . .     SeeInvis .   r - +0 war axe
rCold    . . .     Gourm    .   c - +0 shield
rNeg     . . .     Faith    .   j - +0 scale mail
rPois    .         Spirit   .   (helmet restricted)
rElec    .         Reflect  .   (no cloak)
rCorr    .         Harm     .   s - +0 pair of gloves
MR       .....                  (no boots)
Stlth    ..........             (no amulet)
HPRegen  0.18/turn              (no ring)
MPRegen  0.09/turn              (no ring)

@: mighty, brilliant, lethally poisoned (0 -> -2), about to teleport
A: retaliatory headbutt, horns 2
a: no special abilities


You were on level 3 of the Dungeon.
You were hungry.

You visited 1 branch of the dungeon, and saw 3 of its levels.

You collected 89 gold pieces.

Inventory:

Hand Weapons
 a - a +0 war axe
 r - a +0 war axe (weapon)
Armour
 c - a +0 shield (worn)
 j - a +0 scale mail (worn)
 s - a +0 pair of gloves (worn)
Wands
 l - a wand of random effects (20)
 m - a wand of clouds (6)
Scrolls
 e - 2 scrolls of remove curse {unknown}
 h - 3 scrolls of teleportation
 i - 2 scrolls of identify {unknown}
 k - a scroll of enchant armour {unknown}
 o - a scroll of fear {unknown}
Potions
 d - a potion of might
 p - a potion of brilliance
Comestibles
 f - 9 rations
 g - 8 chunks of flesh


   Skills:
 * Level 4.8 Fighting
 * Level 5.2 Axes
 * Level 4.5 Armour
 + Level 1.0 Dodging
 * Level 5.1 Shields


You had 5 spell levels left.
You didn't know any spells.
Your spell library contained the following spells:

 Spells                   Type           Power        Failure   Level  Hunger
 Animate Skeleton         Necr           N/A          30%         1    ##.....
 Apportation              Tloc           #.....       30%         1    ##.....
 Confusing Touch          Hex            #.....       30%         1    ##.....
 Summon Small Mammal      Summ           #...         30%         1    ##.....


Dungeon Overview and Level Annotations

Branches:
Dungeon (3/15)

Altars:


Innate Abilities, Weirdness & Mutations

You reflexively headbutt those who attack you in melee.
You have a pair of horns on your head.


Message History

The worker ant bites you.
* * * LOW HITPOINT WARNING * * *
You closely miss the worker ant. Your headbutt misses the worker ant.
The worker ant is heavily wounded.
* * * LOW HITPOINT WARNING * * *
You feel sick. The worker ant bites you.
* * * LOW HITPOINT WARNING * * *
The worker ant bites you.
* * * LOW HITPOINT WARNING * * *
Some of the chunks of flesh in your inventory have rotted away.
You closely miss the worker ant. Your headbutt misses the worker ant.
The worker ant is heavily wounded.
The worker ant misses you. You furiously retaliate!
You headbutt the worker ant!
You kill the worker ant!
Your Axes skill increases to level 5!
Okay, then.
As you read the scroll labeled ONEAP ALIU, it crumbles to dust.
You feel strangely unstable.
It was a scroll of teleportation.
You die...

.........>
.........
.........
#.......# #.
#))....# #. #.##
. #. #..#
..####.######†#
........##...@#
...#..........##
...........÷..(#
#............#
#....).......#
...#..........##
. ##....#....#
#...######.#
#.... #.#


There were no monsters in sight!

Vanquished Creatures
  An orc priest (D:3)
  Jessica (D:3)
  A worker ant (D:3)
  Robin (D:2)
  A gnoll (D:1)
  9 adders
  2 oozes
  2 worms (D:2)
  A dart slug (D:1)
  3 leopard geckos
  9 orcs (D:3)
  A ball python (D:1)
  2 giant cockroaches
  20 goblins
  9 hobgoblins
  3 kobolds
  2 quokkas
  9 bats
  6 frilled lizards
  9 rats
92 creatures vanquished.

Notes
Turn   | Place    | Note
-------+----------+-------------------------------------------
     0 | D:1      | eccles the Minotaur Fighter began the quest for the Orb.
     0 | D:1      | Reached XP level 1. HP: 19/19 MP: 0/0
    55 | D:1      | Reached XP level 2. HP: 24/27 MP: 1/1
   212 | D:1      | Reached XP level 3. HP: 19/33 MP: 2/2
   760 | D:2      | Reached XP level 4. HP: 37/40 MP: 3/3
   881 | D:2      | Noticed Robin
   906 | D:2      | Killed Robin
  1204 | D:3      | Reached XP level 5. HP: 43/47 MP: 4/4
  1215 | D:3      | Reached skill level 1 in Dodging
  1348 | D:3      | Reached skill level 5 in Shields
  1512 | D:3      | Noticed Jessica
  1527 | D:3      | Killed Jessica
  1527 | D:3      | Reached XP level 6. HP: 32/55 MP: 5/5
  1534 | D:3      | Gained mutation: You are frail. (-10% HP) [potion of
                  | mutation]
  1534 | D:3      | Lost mutation: You are frail. (-10% HP) [potion of
                  | mutation]
  1544 | D:3      | HP: 2/55 [worker ant (1)]
  1545 | D:3      | Reached skill level 5 in Axes
  1546 | D:3      | Succumbed to a worker ant's poison

Skill      XL: |  1  2  3  4  5  6 |
---------------+-------------------+-----
Shields        | 4 5 |  5.1
Armour         | 4 |  4.5
Fighting       | 4 |  4.8
Axes           | 3 4 5 |  5.2
Dodging        | 1 |  1.0

Action                   |  1- 3 |  4- 6 || total
-------------------------+-------+-------++-------
Melee: War axe           |   105 |   123 ||   228
       Headbutt          |    17 |    21 ||    38
  Use: Potion            |       |     4 ||     4
       Scroll            |       |     1 ||     1
  Eat: Chunk             |       |     2 ||     2
Armor: Scale mail        |    49 |    60 ||   109
Dodge: Dodged            |    40 |    33 ||    73
Block: Shield            |    58 |    71 ||   129
